 Dungeon Crawl Stone Soup version 0.19-a0-1015-ge643222 (webtiles) character file.

177 FrankyJ the Magician (level 5, -7/31 HPs)
             Began as an Octopode Conjurer on July 24, 2016.
             Killed by nerve-wracking pain
             ... invoked by an orc priest
              (11 damage)
             ... on level 3 of the Dungeon.
             The game lasted 00:05:00 (2200 turns).

FrankyJ the Magician (Octopode Conjurer)            Turns: 2200, Time: 00:05:01

Health: -7/31      AC:  4    Str:  5 (7)  XL:     5   Next: 57%
Magic:  7/12       EV: 12    Int: 16 (18) God:
Gold:   88         SH:  0    Dex: 10 (13) Spells: 2 memorised, 11 levels left

rFire  . . .     SeeInvis .     d - +2 dagger (speed)
rCold  . . .     Gourm    .     (no shield)
rNeg   . . .     Faith    .     (helmet restricted)
rPois  .         Spirit   .     (no amulet)
rElec  .         Dismiss  .     h - ring of flight
rCorr  .         Reflect  .     (no ring)
SustAt .         Harm     .     (no ring)
MR     .....                    (no ring)
Stlth  +++.......               (no ring)
                                (no ring)
                                (no ring)
                                (no ring)

@: very slightly contaminated, not resistant to hostile enchantments, fairly
stealthy
A: almost no armour, amphibious, 8 rings, constrict 8, yellow scales 1,
camouflage 1, deterioration 1, shaggy fur 1, gelatinous body 1
a: Evoke Flight


You were on level 3 of the Dungeon.
You were not hungry.

You visited 1 branch of the dungeon, and saw 3 of its levels.

You collected 88 gold pieces.

Inventory:

Hand Weapons
 d - a +2 dagger of speed (weapon)
Missiles
 k - 24 poisoned needles
 q - 5 tomahawks (quivered)
Jewellery
 h - a ring of flight (left tentacle)
 p - an uncursed ring of stealth {unknown}
Scrolls
 c - a scroll of immolation {unknown}
 f - a scroll of magic mapping {unknown}
 i - a scroll of amnesia {unknown}
 n - a scroll of recharging {unknown}
 o - a scroll of identify {unknown}
 r - a scroll of teleportation {unknown}
 u - a scroll of fear {unknown}
 w - a scroll of remove curse {unknown}
Potions
 e - a potion of degeneration
 g - a potion of mutation
 j - a potion of heal wounds {unknown}
 s - a potion of berserk rage {unknown}
 t - a potion of curing {unknown}
Books
 a - a book of Conjurations

   Spells                             Type                      Level
   a - Magic Dart                     Conjuration                  1
   b - Searing Ray                    Conjuration                  2
   c - Dazzling Spray                 Conjuration/Hexes            3
   d - Fulminant Prism                Conjuration/Hexes            4
   e - Iskenderun's Mystic Blast      Conjuration                  4
   f - Iskenderun's Battlesphere      Conjuration/Charms           5
 v - Kikubaaqudgha's Compendium of Stolen Souls
   (You found it on level 3 of the Dungeon)

   Spells                             Type                      Level
   a - Pain                           Necromancy                   1
Comestibles
 b - 2 bread rations
 l - 3 chunks of flesh
 m - a meat ration


   Skills:
 - Level 2.0 Dodging
 - Level 2.6 Stealth
 + Level 5.0 Spellcasting
 + Level 4.2 Conjurations


You had 11 spell levels left.
You knew the following spells:

 Your Spells              Type           Power        Failure   Level  Hunger
a - Magic Dart            Conj           ###.         3%          1    None
b - Searing Ray           Conj           ###...       6%          2    #......


Dungeon Overview and Level Annotations

Branches:
Dungeon (3/15)

Altars:
Kikubaaqudgha
Sif Muna
Vehumet


Innate Abilities, Weirdness & Mutations

You cannot wear most types of armour.
You are amphibious.
You can wear up to eight rings at the same time.
You can use your tentacles to constrict eight enemies at once.
Your skin changes colour to match your surroundings (Stealth+).
Your rubbery body absorbs attacks. (AC +1)
You are partially covered in yellow scales. (AC +2)
Your body sometimes deteriorates upon taking damage.
You are covered in fur. (AC +1)


Message History

The orc priest is moderately wounded.
The searing ray hits the orc priest.
The orc priest is severely wounded.
The orc hits you but does no damage. The orc priest misses you.
The searing ray hits the orc priest.
You kill the orc priest!
Your Spellcasting skill increases to level 5!
The orc hits you with a club.
* * * LOW HITPOINT WARNING * * *
The searing ray hits the orc.
You kill the orc!
The searing ray hits the orc priest.
The orc priest is moderately wounded.
You finish channeling your searing ray.
The orc priest casts a cantrip, but nothing happens.
The orc hits you with a club.
* * * LOW HITPOINT WARNING * * *
The orc priest mumbles some strange prayers to Beogh against you.
Pain shoots through your body!
You die...

#.##.#.# #..# ###.## ##.
#.##.#.# #..# #...# #.
#.##.#.. .(.. ####.#.## ##.
#.##.### #.... ....##.###.# #.
#.#####.########>###..###...##
##.....#.# #.....# #..####.##
......... #.# #.......#
.[......#####o########.######
#...(..o.).@....(...#
###.################# #. oo
###


You could see an orc priest and an orc.

Vanquished Creatures
  An orc priest (D:3)
  Ijyb (D:3)
  5 adders
  3 gnolls (D:2)
  3 worms (D:3)
  A giant gecko (D:1)
  An orc (D:3)
  3 bats
  A giant cockroach (D:3)
  A goblin (D:1)
  5 hobgoblins
  6 jackals (D:3)
  A quokka (D:2)
  A giant newt (D:3)
  A kobold (D:1)
  9 rats
43 creatures vanquished.

Notes
Turn   | Place    | Note
-------+----------+-------------------------------------------
     0 | D:1      | FrankyJ the Octopode Conjurer began the quest for the Orb.
     0 | D:1      | Reached XP level 1. HP: 11/11 MP: 3/3
   444 | D:1      | Reached XP level 2. HP: 11/17 MP: 3/5
   564 | D:1      | Learned a level 2 spell: Searing Ray
   890 | D:2      | Reached skill level 3 in Spellcasting
   967 | D:2      | Reached XP level 3. HP: 20/21 MP: 7/7
  1372 | D:2      | Reached skill level 4 in Spellcasting
  1372 | D:2      | Reached XP level 4. HP: 27/27 MP: 5/10
  1620 | D:3      | Found an ancient bone altar of Kikubaaqudgha.
  1620 | D:3      | Found a deep blue altar of Sif Muna.
  1622 | D:3      | Found a radiant altar of Vehumet.
  1625 | D:3      | Identified Kikubaaqudgha's Compendium of Stolen Souls
  1805 | D:3      | Noticed Ijyb
  1809 | D:3      | Killed Ijyb
  1809 | D:3      | Reached XP level 5. HP: 27/31 MP: 2/12
  2191 | D:3      | Gained mutation: Your body sometimes deteriorates upon taking damage. [potion of mutation]
  2191 | D:3      | Gained mutation: You are covered in fur. (AC +1) [potion of mutation]
  2191 | D:3      | Gained mutation: You are partially covered in yellow scales. (AC +2) [potion of mutation]
  2198 | D:3      | Reached skill level 5 in Spellcasting
  2200 | D:3      | Killed from afar by an orc priest

Vault maps used:
D:1:      evilmike_arrival_plus, minivault_23
D:2:      nicolae_overflow_hidden_temple
D:3:      grunt_temple_overflow_magic_moments, first_bread, uniq_iyjb

Skill      XL: |  1  2  3  4  5 |
---------------+----------------+-----
Spellcasting   | 3 4 5 |  5.0
Dodging        | |  2.0
Stealth        | |  2.6
Conjurations   | |  4.2

Action                   |  1- 3 |  4- 6 || total
-------------------------+-------+-------++-------
Melee: Dagger            |    15 |     4 ||    19
       Constrict         |     4 |       ||     4
       Tentacles         |     1 |       ||     1
 Cast: Magic Dart        |    29 |     5 ||    34
       Searing Ray       |     6 |    12 ||    18
  Use: Potion            |       |     2 ||     2
 Stab: Sleeping          |       |     3 ||     3
  Eat: Chunk             |     2 |     2 ||     4
Armor: Skin              |     2 |     4 ||     6
Dodge: Dodged            |    13 |     7 ||    20
